 Dungeon Crawl Stone Soup version 0.27-a0-668-gb5737ff2c0 (webtiles) character file.

Game seed: 4583489756375324163

5992 spiderkeys the Spear-Bearer (level 10, -5/135 HPs)
             Began as a Minotaur Berserker on Mar 17, 2021.
             Was a High Priest of Trog.
             Slain by an orc warrior
             ... wielding a +0 war axe
              (20 damage)
             ... in a bailey.
             The game lasted 00:12:24 (6341 turns).

spiderkeys the Spear-Bearer (Minotaur Berserker)    Turns: 6341, Time: 00:12:25

Health: -5/135     AC: 14    Str: 25    XL:     10   Next: 55%
Magic:  9/9        EV:  9    Int:  4    God:    Trog [*****.]
Gold:   215        SH: 11    Dex: 10    Spells: 9/9 levels left

rFire    . . .     SeeInvis .   F - +4 trident (spect)
rCold    . . .     Faith    .   l - +0 kite shield
rNeg     . . .     Spirit   .   z - +0 chain mail
rPois    +         Reflect  .   (helmet restricted)
rElec    .         Harm     .   D - +1 cloak
rCorr    .         Rampage  .   i - +0 pair of gloves
Will     .....                  (no boots)
Stlth    ..........             j - amulet of regeneration
HPRegen  1.32/turn              E - ring of poison resistance
MPRegen  0.11/turn              (no ring)

@: berserking (expiring), very quick
A: horns 2, retaliatory headbutt
a: Renounce Religion, Berserk, Trog's Hand, Brothers in Arms


You were in a bailey.
You worshipped Trog.
Trog was extremely pleased with you.
You visited 1 branch of the dungeon, and saw 9 of its levels.
You also visited: Bailey.

You collected 215 gold pieces.

Inventory:

Hand Weapons
 a - a +0 trident
 F - a +4 spectral trident (weapon)
Missiles
 r - 5 boomerangs
 u - 2 javelins
Armour
 i - a +0 pair of gloves (worn)
 l - a +0 kite shield (worn)
 z - a +0 chain mail (worn)
 D - a +1 cloak (worn)
Jewellery
 j - an amulet of regeneration (around neck)
 E - a ring of poison resistance (right hand)
Wands
 s - a wand of polymorph (15)
 v - a wand of mindburst (18)
 B - a wand of flame (24)
 C - a wand of acid (5)
Scrolls
 b - 3 scrolls of enchant armour
 c - a scroll of identify
 e - a scroll of brand weapon
 g - 3 scrolls of magic mapping
 o - 2 scrolls of amnesia
 q - 2 scrolls of teleportation
 H - 3 scrolls of blinking
Potions
 d - a potion of degeneration {unknown}
 f - 2 potions of curing
 h - 2 potions of resistance {unknown}
 k - 3 potions of heal wounds
 m - a potion of haste {unknown}
 t - 2 potions of brilliance {unknown}
 w - a potion of might
 x - 3 potions of lignification
 A - 2 potions of flight


   Skills:
 + Level 8.8 Fighting
 * Level 11.5 Polearms
 + Level 8.2 Armour
 + Level 7.3 Dodging
 + Level 7.6 Shields


You had 9 spell levels left.
You didn't know any spells.
Your spell library contained the following spells:

 Spells                   Type           Power      Damage    Failure   Level
 Animate Skeleton         Necr           0%         N/A       100%        1
 Apportation              Tloc           0%         N/A       100%        1
 Corona                   Hex            0%         N/A       100%        1
 Summon Small Mammal      Summ           0%         N/A       100%        1


Dungeon Overview and Level Annotations

Branches:
Dungeon (9/15)             Temple (0/1) D:6          Bailey (1/1)
   Lair: D:8-11         Orc: D:9-12

Altars:
Cheibriados
Dithmenos
Fedhas
Makhleb
Okawaru

Shops:
D:1 :*


Innate Abilities, Weirdness & Mutations

You have a pair of horns on your head.
You reflexively headbutt those who attack you in melee.


Message History

The orc warrior shouts!
The orc warrior no longer looks unusually strong.
The orc warrior hits you with a +0 war axe!
* * * LOW HITPOINT WARNING * * *
The orc warrior hits your spectral weapon with a +0 war axe.
Your spectral weapon shares its damage with you!
* * * LOW HITPOINT WARNING * * *
You closely miss the orc knight.
The orc knight is moderately wounded.
Your spectral weapon barely misses the orc knight.
The orc warrior barely misses you.
The orc warrior hits your spectral weapon with a +0 war axe!
Your spectral weapon shares its damage with you!
* * * LOW HITPOINT WARNING * * *
You hit the orc knight but do no damage.
The orc knight is moderately wounded.
Your spectral weapon closely misses the orc knight.
The orc knight roars a battlecry!
The orcs go into a battle-frenzy!
You hit the orc knight. Your headbutt misses the orc knight.
The orc knight is moderately wounded.
Your spectral weapon hits the orc knight but does no damage.
The orc knight no longer looks unusually strong.
The orc no longer looks unusually strong.
The orc warrior barely misses you.
The orc warrior hits your spectral weapon with a +0 war axe!
Your spectral weapon shares its damage with you!
Your spectral weapon fades away.
* * * LOW HITPOINT WARNING * * *
You impale the orc knight!!
The orc knight is severely wounded.
Your spectral weapon hits the orc knight from afar!
The orc knight hits you with a +0 war axe.
* * * LOW HITPOINT WARNING * * *
You closely miss the orc knight.
You headbutt the orc knight, but do no damage.
The orc knight is severely wounded.
Your spectral weapon hits the orc knight from afar!
The orc warrior hits you with a +0 war axe!!
You die...

##.....##.........##..)))##
##'####...........####'##
##.....##.........##.....##
#.......#.........#.......#
##.......##...o...##.......##
#.........#..gooo.#.........#
##.........###ooo###.........#
#.....⌠.....###o###.....⌠.....#
##.........##88@88##.........##
#)))......#..o(§..#.........#
##.)....)##....§..##)......##
#)).....))..§.....')......#
##.....##.........##.....##
#######.....⌠.....#######
##.........## #.........#
##.......##


You could see an orc knight, 4 orc warriors, 4 orcs, a goblin and a friendly +4
spectral trident (summoned).

Vanquished Creatures
  An orc warlord (Bailey)
  2 two-headed ogres (D:8)
  An orc knight (Bailey)
  A troll (D:9)
  6 orc warriors
  3 sky beasts
  2 ogres
  A phantom (D:4)
  A bullfrog (D:8)
  A wyvern skeleton (D:8)
  6 scorpions
  11 wights
  2 howler monkeys (D:5)
  A hound (D:8)
  A bullfrog zombie (D:5)
  5 orc priests
  Crazy Yiuf (D:5)
  A bullfrog skeleton (D:4)
  Natasha (D:3)
  An iguana (D:4)
  3 orc wizards
  5 worker ants
  A hound zombie (D:8)
  A hound skeleton (D:8)
  21 gnolls
  4 adders
  3 shadow imps
  An ooze (D:3)
  2 worms
  2 dart slugs
  9 leopard geckos
  36 orcs
  4 bats (D:3)
  4 giant cockroaches
  23 goblins
  23 hobgoblins
  6 kobolds
  4 quokkas
  3 frilled lizards
  6 rats
210 creatures vanquished.

Vanquished Creatures (others)
  2 fungi (D:5)
2 creatures vanquished.

Grand Total: 212 creatures vanquished

Notes
Turn   | Place    | Note
-------+----------+-------------------------------------------
     0 | D:1      | spiderkeys the Minotaur Berserker began the quest for the
                  | Orb.
     0 | D:1      | Reached XP level 1. HP: 19/19 MP: 0/0
   130 | D:1      | Reached XP level 2. HP: 15/27 MP: 1/1
   292 | D:1      | Reached skill level 4 in Polearms
   535 | D:1      | Found Tegonlyfu's Assorted Antiques.
   728 | D:1      | Found Idoafydgh's Book Shop.
  1590 | D:2      | Reached XP level 3. HP: 29/33 MP: 2/2
  1772 | D:3      | Noticed a scorpion
  1785 | D:3      | Killed a scorpion
  1786 | D:3      | Reached skill level 1 in Shields
  1786 | D:3      | Reached XP level 4. HP: 12/40 MP: 3/3
  2054 | D:3      | Reached skill level 5 in Polearms
  2066 | D:3      | Reached XP level 5. HP: 41/47 MP: 4/4
  2067 | D:3      | Reached ** piety under Trog
  2633 | D:3      | Found a shadowy altar of Dithmenos.
  2642 | D:3      | Noticed Natasha
  2644 | D:3      | Killed Natasha
  2905 | D:4      | Noticed an ogre
  2915 | D:4      | Killed an ogre
  2916 | D:4      | Reached XP level 6. HP: 55/55 MP: 5/5
  3152 | D:4      | Reached skill level 5 in Fighting
  3152 | D:4      | Reached skill level 6 in Polearms
  3558 | D:5      | Entered Level 5 of the Dungeon
  3651 | D:5      | Reached XP level 7. HP: 59/61 MP: 6/6
  3840 | D:5      | Identified the +8 scimitar of the Vine {drain, rPois rC-
                  | Will++ Stlth+}
  3846 | D:5      | Reached *** piety under Trog
  3847 | D:5      | Reached skill level 7 in Polearms
  3855 | D:5      | Found a snail-covered altar of Cheibriados.
  4213 | D:5      | Found a runed translucent door.
  4214 | D:5      | Noticed Crazy Yiuf
  4221 | D:5      | Killed Crazy Yiuf
  4264 | D:6      | Found a staircase to the Ecumenical Temple.
  4324 | D:6      | Found a blossoming altar of Fedhas.
  4353 | D:6      | Reached skill level 5 in Armour
  4424 | D:6      | Reached XP level 8. HP: 70/70 MP: 7/7
  4610 | D:6      | You fall into a shaft and drop 3 floors!
  4772 | D:9      | Noticed a troll
  4788 | D:9      | Killed a troll
  4789 | D:9      | Reached skill level 8 in Polearms
  4789 | D:9      | Reached skill level 5 in Dodging
  5004 | D:9      | Reached skill level 5 in Shields
  5086 | D:8      | Noticed a two-headed ogre
  5093 | D:8      | Killed a two-headed ogre
  5094 | D:8      | Reached skill level 9 in Polearms
  5094 | D:8      | Reached XP level 9. HP: 59/79 MP: 8/8
  5473 | D:8      | Found an iron altar of Okawaru.
  5473 | D:8      | Found a burning altar of Makhleb.
  5474 | D:8      | Found a shadowy altar of Dithmenos.
  5476 | D:8      | Noticed a two-headed ogre
  5487 | D:8      | Killed a two-headed ogre
  5488 | D:8      | Reached skill level 10 in Polearms
  5516 | D:8      | Reached **** piety under Trog
  5701 | D:7      | Found a flagged portal.
  5905 | Bailey   | Entered a bailey
  5920 | Bailey   | Reached XP level 10. HP: 63/88 MP: 9/9
  5989 | Bailey   | Noticed an orc knight
  6007 | Bailey   | Killed an orc knight
  6019 | Bailey   | Reached ***** piety under Trog
  6275 | Bailey   | Reached skill level 11 in Polearms
  6312 | Bailey   | Noticed an orc warlord
  6316 | Bailey   | Noticed an orc knight
  6332 | Bailey   | Killed an orc warlord
  6341 | Bailey   | Slain by an orc warrior

Illustrated notes

Levels and vault maps discovered:
D:1:      tarquinn_simple_flora_water_c, layout_basic, serial_shops, shop,
          nicolae_shop_crystal
D:2:      layout_rooms
D:3:      layout_loops_corners, grunt_dithmenos_smoke_and_mirrors, uniq_natasha
D:4:      layout_cave_pods
D:5:      layout_basic, basic_altar, uniq_crazy_yiuf_cottage
D:6:      layout_layer_cave, overflow_temple_1_default,
          minmay_temple_entry_drinking_statues, kennysheep_another_room
D:7:      layout_basic, lemuel_round_altar, kennysheep_mini, enter_bailey_5,
          bloody_trog, uniq_menkaure, uniq_joseph
D:8:      layout_layer_cave, kennysheep_little_box,
          gammafunk_temple_overflow_claw
D:9:      layout_gridville, zin_treasury
Bailey:   bailey_axe_minmay_hex_keep, bailey

Skill      XL: |  1  2  3  4  5  6  7  8  9 10 |
---------------+-------------------------------+-----
Polearms       | 4 5 6 7 9 10 11 | 11.5
Fighting       | 4 5 7 8 |  8.8
Armour         | 3 4 5 6 7 8 |  8.2
Shields        | 1 2 3 4 5 6 7 |  7.6
Dodging        | 3 4 5 6 7 |  7.3

Action                   |  1- 3 |  4- 6 |  7- 9 | 10-12 || total
-------------------------+-------+-------+-------+-------++-------
Melee: Spear             |    71 |    74 |       |       ||   145
       Headbutt          |     3 |    28 |    56 |     9 ||    96
       Trident           |       |    96 |   321 |    99 ||   516
Invok: Berserk           |       |       |     8 |     2 ||    10
       Trog's Hand       |       |       |     1 |       ||     1
  Use: Potion            |       |       |     1 |       ||     1
       Scroll            |       |       |     2 |    11 ||    13
 Stab: Sleeping          |       |     2 |       |       ||     2
       Distracted        |       |       |       |     1 ||     1
Armor: Animal skin       |     6 |     7 |       |       ||    13
       Leather armour    |       |    11 |       |       ||    11
       Chain mail        |       |       |   116 |    19 ||   135
Dodge: Dodged            |    21 |    43 |    87 |    20 ||   171
Block: Kite shield       |     5 |    61 |   157 |    32 ||   255

Table legend: (Time is in decaauts)
 A = Elapsed time spent in this place.
 B = Non-inter-level travel time spent in this place.
 C = Inter-level travel time spent in this place.
 D = Time resting spent in this place.
 E = Time spent auto-exploring this place.
 F = Levels seen in this place.
 G = Mean time per level.
                   A        B        C        D        E       F      G
               +--------+--------+--------+--------+--------+-----+--------+
         Total |   6461 |   6190 |    271 |    760 |   4128 |  10 |  646.1 |
       Dungeon |   6034 |   5763 |    271 |    571 |   4043 |   9 |  670.4 |
        Bailey |    426 |    426 |      0 |    188 |     85 |   1 |  426.0 |
               +--------+--------+--------+--------+--------+-----+--------+

Top non-repeatable levels by time:
     D:1: 1269 daAuts
     D:3: 1023 daAuts
     D:4: 803 daAuts
     D:5: 742 daAuts
     D:8: 610 daAuts
     D:6: 502 daAuts
     D:2: 490 daAuts
     D:9: 474 daAuts
  Bailey: 426 daAuts
     D:7: 118 daAuts
